[Event "Romanian Championship 2024"]
[Site "Eforie Nord"]
[Date "2024.02.26"]
[Round "4.11"]
[White "David, Alexandru-Vasile"]
[Black "Gales, Randi-Ioan"]
[Result "0-1"]
[ECO "D35"]
[WhiteElo "2360"]
[BlackElo "2062"]
[Annotator "TA"]
[PlyCount "68"]
[EventDate "2024.02.24"]
[EventType "swiss"]
[EventCountry "ROU"]
[SourceTitle "playchess.com"]
[Source "ChessBase"]
[SourceQuality "1"]
[TimeControl "40/5400+30:900+30"]

1. d4 d5 2. c4 e6 3. Nc3 Be7 4. Nf3 Nf6 5. cxd5 exd5 6. h3 O-O 7. Bf4 c6 8. e3 Nbd7 9. Bd3 Re8 10. O-O Nf8 11. Qc2 Ng6 12. Bh2 Bd6 13. Bxd6 Qxd6 14. Rab1 Qe7 15. b4 a6 16. Nd2 Nh4 17. Rfe1 {[%emt 0:02:56] The position is equal.} Nh5 18. f4 {[%emt 0:12:50][%mdl 8192] [#] Inhibits Qg5.} (18. Bxh7+ $2 Kh8 19. g4 g6 $19) (18. Kh1 $11 {and White is okay.}) 18... Nxg2 $1 $19 19. Kxg2 {[%emt 0:28:27][%cal Od2f3] aiming for Nf3!} Qh4 20. Bxh7+ Kh8 21. Bf5 Qg3+ 22. Kh1 {[%emt 0:16:14][%cal Oc2d1] [#]} Bxf5 $1 ({Not} 22... Rxe3 23. Rxe3 Qxe3 24. Bxc8 Rxc8 25. Nf1 Qxh3+ (25... Qf3+ 26. Qg2 $11) 26. Qh2 Qf3+ (26... Qxh2+ 27. Nxh2 Re8 28. Na4 $11) 27. Qg2 (27. Kg1 Kg8 $11) 27... Qxc3 28. Qg4 $11) 23. Qxf5 {[%emt 0:01:08] [#]} Qxe1+ $3 24. Rxe1 Ng3+ 25. Kg2 Nxf5 26. Kf2 Re7 27. Nf3 f6 28. a4 Rae8 29. Nd1 Kg8 30. a5 Kh8 31. Re2 Kg8 32. Re1 $1 Kf7 33. Re2 Rh8 34. Kg2 Rb8 {[%emt 0:00:15] Black took control after the opening.   Weighted Error Value: White=0.38/Black=0.21 (precise) .  Loses game:     	White=1     	---        Inaccurate:     	White=1     	---        OK:         	White=7     	Black=10     Best:        	White=1     	Black=2      Strong:       	White=1     	Black=1      Brilliant:      	---       	Black=2} 0-1

[Event "Romanian Championship 2024"]
[Site "Eforie Nord"]
[Date "2024.02.26"]
[Round "4.12"]
[White "Prelipcean, Eric-Matei"]
[Black "Bonte, Andrei-Mihai"]
[Result "1/2-1/2"]
[ECO "D60"]
[WhiteElo "2103"]
[BlackElo "2266"]
[Annotator "TA"]
[PlyCount "64"]
[EventDate "2024.02.24"]
[EventType "swiss"]
[EventCountry "ROU"]
[SourceTitle "playchess.com"]
[Source "ChessBase"]
[SourceQuality "1"]
[TimeControl "40/5400+30:900+30"]

1. d4 Nf6 2. Nf3 d5 3. c4 e6 4. Nc3 Nbd7 5. Bg5 Be7 6. e3 O-O 7. Bd3 h6 8. Bxf6 Nxf6 9. O-O dxc4 10. Bxc4 {[%emt 0:00:23] The position is equal.} c5 11. Rc1 a6 12. dxc5 Bxc5 13. Qxd8 Rxd8 14. Rfd1 Rxd1+ 15. Rxd1 b5 {[%emt 0:01:04] Prevents Na4.} 16. Rd8+ Bf8 17. Bd3 Bb7 18. Rxa8 Bxa8 19. a4 bxa4 20. Nxa4 Bc6 21. Nc3 Bb7 22. Ne5 Bd6 23. Nc4 Bc7 24. Na4 Nd7 25. b4 Kf8 26. f4 Ke7 27. Kf2 Bc6 28. Nc3 Nf6 29. h3 Bb7 30. g3 Nd5 31. Nxd5+ Bxd5 32. e4 Bxc4 {[%emt 0:03:12] Not much happened in this game.   Weighted Error Value: White=0.01 (flawless) /Black=0.02 (flawless) .  OK:         	White=14    	Black=7      Best:        	---       	Black=1} 1/2-1/2

[Event "Romanian Championship 2024"]
[Site "Eforie Nord"]
[Date "2024.02.26"]
[Round "4.13"]
[White "Tudor, Henry Edward"]
[Black "Danila, Tudor-Gabriel"]
[Result "1-0"]
[ECO "E53"]
[WhiteElo "2239"]
[BlackElo "1901"]
[Annotator "TA"]
[PlyCount "75"]
[EventDate "2024.02.24"]
[EventType "swiss"]
[EventCountry "ROU"]
[SourceTitle "playchess.com"]
[Source "ChessBase"]
[SourceQuality "1"]
[TimeControl "40/5400+30:900+30"]

1. d4 Nf6 2. c4 e6 3. Nc3 Bb4 4. e3 O-O 5. Bd3 d5 6. a3 Bxc3+ 7. bxc3 dxc4 8. Bxc4 c5 9. Nf3 Qc7 10. Be2 b6 11. Bb2 Bb7 12. O-O Nbd7 13. c4 (13. Nd2 {keeps more tension.} Rfd8 14. a4 Nf8 15. Qb3) 13... Rac8 14. Rc1 Rfd8 15. Qb3 {[%emt 0:04:02] The position is equal.} Qb8 16. Rfd1 Qa8 17. a4 Bc6 18. Qa2 Nf8 19. Qa1 {[%emt 0:10:14][%cal Od4d5] Threatens to win with d5!} cxd4 20. exd4 Ng6 {[%emt 0:00:23] [#] Strongly threatening ...Nf4.} 21. d5 $1 exd5 22. Bxf6 gxf6 23. Qxf6 {[%emt 0:00:20] Nd4 would now be deadly.} Qb7 $1 24. Qb2 (24. Re1 $14) 24... Qe7 ({Black should play} 24... Bxa4 $11 25. Re1 Qd7) 25. cxd5 $14 Bxa4 26. Rxc8 Rxc8 27. d6 $36 {[%emt 0:00:14][%mdl 2048] Black is under pressure.} Qe8 28. Rd2 {[%emt 0:02:12] And now h4 would win.} Rc5 29. h4 Nf4 {[%emt 0:03:30] This costs Black the game.} (29... Bd7 $16) 30. Bf1 Bd7 {[%emt 0:01:47] [#]} 31. g3 $1 Ng6 {[%emt 0:03:55] [#]} 32. Re2 {[%emt 0:01:19] Dodges Ne5} Qb8 (32... Qd8 {was worth a try.}) 33. Ng5 Bc6 {[%emt 0:02:01] [#]} (33... Qxd6 $2 {is the wrong capture.} 34. Ne4 Qc6 35. Nf6+ Kf8 36. Nxh7+ Kg8 37. Nf6+ Kf8 38. h5 $18) (33... Rxg5 34. hxg5 Qxd6) 34. d7 $1 $18 {[%emt 0:02:59][%mdl 512] White is clearly winning.} Bxd7 35. Ne4 {[%emt 0:00:04] White wants to mate with Nf6+.} Rc6 36. Nf6+ Rxf6 37. Qxf6 {[%emt 0:00:01] Black must now prevent h5.} Qc7 38. h5 {[%emt 0:00:26] Weighted Error Value: White=0.14 (very precise) /Black=0.26 (precise) .  Mistake:       	White=1     	Black=4      Inaccurate:     	White=1     	Black=1      OK:         	White=11    	Black=9      Best:        	White=1     	---        Strong:       	White=1     	Black=1} 1-0

[Event "Romanian Championship 2024"]
[Site "Eforie Nord"]
[Date "2024.02.26"]
[Round "4.14"]
[White "Ciocani, Iosif"]
[Black "Nastase, Robert-Paul"]
[Result "0-1"]
[ECO "B12"]
[WhiteElo "2063"]
[BlackElo "2226"]
[Annotator "TA"]
[PlyCount "66"]
[EventDate "2024.02.24"]
[EventType "swiss"]
[EventCountry "ROU"]
[SourceTitle "playchess.com"]
[Source "ChessBase"]
[SourceQuality "1"]
[TimeControl "40/5400+30:900+30"]

1. e4 c6 2. d4 d5 3. e5 Bf5 4. h4 h5 5. Bd3 Bxd3 6. Qxd3 Qa5+ 7. b4 Qxb4+ 8. Nd2 {[%emt 0:00:11][%cal Oe5e6] Black is slightly better.} e6 9. Rb1 Qe7 10. Ngf3 Nh6 11. c4 Qc7 12. cxd5 (12. Nf1 $11 {was preferrable.}) 12... cxd5 $15 13. Qb5+ (13. Nf1 $11 {should be considered.}) 13... Nc6 $17 14. Qxb7 Qxb7 15. Rxb7 O-O-O 16. Rb1 f6 ({Black should try} 16... Nf5 $17) 17. Nb3 Kd7 18. Ke2 Rb8 19. Bf4 {[%emt 0:05:47] [#] Strongly threatening exf6.} Rb4 20. Rhc1 Nf5 21. Kd3 Be7 22. Rc3 $2 {[%emt 0:01:46] [#]} (22. a3 $11 {and White stays safe.} Rb6 23. Nc5+ Bxc5 24. dxc5 Rxb1 25. Rxb1) 22... Rc8 $1 $19 23. g3 Kd8 (23... Ra4 $19 {...Nb4+ would now be deadly.} 24. Nc5+ Bxc5 25. Rb7+ Ke8 26. dxc5 Rxa2) 24. a3 Rc4 {[%emt 0:00:15] Dancing on a razor blade. Black is more active.} 25. Bd2 (25. Rbc1 $17 {was necessary.}) 25... Bxa3 26. Na5 (26. Nc5 $142 Rxd4+ (26... Ncxd4 27. Nxe6+ Nxe6 28. Rxa3 $17) (26... Nfxd4 $2 27. Nxd4 Rxd4+ 28. Ke2 $19) 27. Ke2 Bxc5 28. Rxc5) 26... Nb4+ 27. Rxb4 Bxb4 28. Rxc4 dxc4+ 29. Nxc4 Bxd2 30. Nfxd2 {[%emt 0:00:04] KRN-KNN} Ke7 31. Ne4 $2 (31. Na5 {is a better defense.}) 31... Rd8 {[%emt 0:00:33] Black is clearly winning.} 32. Ned6 Nxd6 33. exd6+ Rxd6 {[%emt 0:00:33] Weighted Error Value: White=0.54/Black=0.14 (very precise) .  Loses game:     	White=1     	---        Mistake:       	White=5     	Black=2      Inaccurate:     	White=3     	Black=2      OK:         	White=8     	Black=14     Best:        	White=1     	Black=3} 0-1

[Event "Romanian Championship 2024"]
[Site "Eforie Nord"]
[Date "2024.02.26"]
[Round "4.15"]
[White "Negrean, Andrei"]
[Black "Vilcu, Matei-Stefan"]
[Result "1/2-1/2"]
[ECO "E62"]
[WhiteElo "1990"]
[BlackElo "2176"]
[Annotator "RC"]
[PlyCount "94"]
[EventDate "2024.02.24"]
[EventType "swiss"]
[EventCountry "ROU"]
[SourceTitle "playchess.com"]
[Source "ChessBase"]
[SourceQuality "1"]
[TimeControl "40/5400+30:900+30"]

1. Nf3 Nf6 2. c4 g6 3. g3 Bg7 4. Bg2 O-O 5. O-O d6 6. d4 Nc6 7. Nc3 e5 8. dxe5 dxe5 9. Qxd8 Rxd8 10. Bg5 h6 11. Bxf6 Bxf6 12. Nd5 Kg7 13. Nxc7 Rb8 14. Nd5 e4 15. Nd2 e3 16. Nxf6 Rxd2 17. fxe3 Rxb2 18. Ne8+ Kf8 19. Nd6 Be6 20. Rab1 Rxb1 21. Rxb1 Ke7 22. Nxb7 Ne5 23. c5 Kd7 24. a4 Kc7 25. a5 Nc4 26. a6 Nxe3 27. Bf3 Bc4 28. Kf2 Bxa6 29. Ra1 Bxb7 30. Rxa7 Nd1+ 31. Ke1 Nc3 32. c6 Nb5 33. Rxb7+ Rxb7 34. cxb7 Nd6 35. Bd5 f6 36. Kf2 Nxb7 37. Be4 f5 38. Bxb7 Kxb7 39. Kf3 Kc6 40. e4 fxe4+ 41. Kxe4 Kd6 42. g4 Ke6 43. h4 h5 44. g5 Kd6 45. Kd4 Ke6 46. Ke4 Kd6 47. Kd4 Ke6 1/2-1/2

[Event "Romanian Championship 2024"]
[Site "Eforie Nord"]
[Date "2024.02.26"]
[Round "4.16"]
[White "Nastore, Pavel-Alexandru"]
[Black "Nevednichy, Vladislav"]
[Result "0-1"]
[ECO "B67"]
[WhiteElo "2182"]
[BlackElo "2451"]
[Annotator "TA"]
[PlyCount "70"]
[EventDate "2024.02.24"]
[EventType "swiss"]
[EventCountry "ROU"]
[SourceTitle "playchess.com"]
[Source "ChessBase"]
[SourceQuality "1"]
[TimeControl "40/5400+30:900+30"]

1. e4 c5 2. Nf3 d6 3. d4 cxd4 4. Nxd4 Nf6 5. Nc3 Nc6 6. Bg5 e6 7. Qd2 a6 8. O-O-O Bd7 9. f4 h6 10. Bxf6 Qxf6 11. Nf3 Qd8 12. Kb1 Be7 13. Bd3 Qa5 14. g4 {[%emt 0:03:38] The position is equal.} Bf6 15. e5 dxe5 16. g5 hxg5 17. fxg5 {[%emt 0:01:01] Black must now prevent Bxa6.} Be7 18. g6 {[%emt 0:01:35] [#]} (18. Bxa6 $1 $15 O-O-O 19. Bc4) 18... f6 $1 $19 (18... f5 19. Bxf5 O-O-O 20. Be4 $16) 19. Bxa6 O-O-O 20. Bc4 Bb4 21. h4 e4 22. Nd4 Qc5 (22... Bxc3 $17 23. Qxc3 Qxc3 24. bxc3 Nxd4 25. cxd4 f5) 23. Bb3 $2 (23. Nxe6 $2 Qxc4 24. Nxd8 Rxd8 $19) (23. Nxc6 $15 Qxc6 24. Bb3) 23... Qxd4 24. Qxd4 Nxd4 25. Rxd4 Bxc3 26. bxc3 f5 27. h5 Rde8 28. Kc1 e3 ({Black should try} 28... Kc7 $19 29. Rc4+ Bc6) 29. Rh3 (29. Rdh4 $17 {was necessary.}) 29... e5 30. Rc4+ Bc6 {[%emt 0:01:12] Strongly threatening ...f4.} 31. h6 $2 {[%emt 0:02:29][%mdl 8192] [#]} (31. Rc5 $17) 31... f4 $1 ({And not} 31... gxh6 32. Rxe3 f4 33. Re1 $14) ({Stronger than} 31... Rxh6 32. Rxh6 f4 (32... gxh6 $2 {too greedy.} 33. g7 $18) 33. Rh3 $16) 32. h7 Ref8 33. Rc5 e4 34. Bd5 f3 {[%emt 0:00:24] ...e2 would now be deadly.} 35. Kd1 (35. Rh1 $19 e2 36. Kd2) 35... e2+ {[%emt 0:01:37] Weighted Error Value: White=0.74/Black=0.21 (precise) .  Loses game:     	White=2     	---        Mistake:       	White=3     	Black=2      Inaccurate:     	White=1     	Black=1      OK:         	White=6     	Black=8      Best:        	---       	Black=4      Strong:       	---       	Black=2} 0-1

[Event "Romanian Championship 2024"]
[Site "Eforie Nord"]
[Date "2024.02.26"]
[Round "4.17"]
[White "Secheres, Adrian-Simion"]
[Black "Maximov, Oleg"]
[Result "1-0"]
[ECO "A53"]
[WhiteElo "2371"]
[BlackElo "2186"]
[Annotator "TA"]
[PlyCount "103"]
[EventDate "2024.02.24"]
[EventType "swiss"]
[EventCountry "ROU"]
[SourceTitle "playchess.com"]
[Source "ChessBase"]
[SourceQuality "1"]
[TimeControl "40/5400+30:900+30"]

1. d4 Nf6 2. c4 d6 3. Nf3 Bg4 4. h3 Bxf3 5. exf3 g6 6. Be2 Bg7 7. O-O O-O 8. Nc3 {[%emt 0:03:10] Weiß hat minimalen Vorteil.} Nbd7 9. f4 c6 10. Qc2 d5 11. f5 dxc4 12. fxg6 hxg6 13. Bxc4 Nb6 14. Bb3 Nbd5 15. Rd1 Qd6 16. Bg5 e6 17. Re1 Rfe8 18. Rad1 Rac8 19. Bh4 Qd7 20. Nb1 Ne7 21. Bg3 Nf5 22. Be5 Nd5 23. Qe4 Rcd8 24. Nd2 Nf6 {[%emt 0:02:02] Hervorragende Reitkunst.} 25. Qb1 Qe7 ({Natürlich nicht} 25... Nxd4 $6 26. Ne4 Nxe4 27. Rxd4 Qxd4 28. Bxd4 $16) 26. Nf3 Nd5 27. Qe4 Nf6 28. Qe2 Nd5 29. Qc2 Nh4 {[%emt 0:00:24] Droht stark ...Nxf3+.} 30. Nh2 Bxe5 31. dxe5 Nf4 32. g3 Nxh3+ 33. Kh1 {[%emt 0:00:30] [#]} (33. Kf1 $11 {war der einzige Weg, das Gleichgewicht zu halten.}) 33... Nf5 ({Besser ist} 33... Kg7 $1 $17 {[%cal Oe7g5] Und jetzt ...Qg5! wäre schön.} 34. Rd6 (34. gxh4 $2 {ist das falsche Schlagen.} Qxh4 35. Rxd8 Rxd8 $19) 34... Nf5) 34. Kg2 $11 Ng5 35. Ng4 {[%emt 0:00:30] Nf6+ ist eine echte Drohung.} Kg7 (35... Nh7 {vereinfacht} 36. Qc1 Qb4 37. Bc4 Qc5) 36. Qc1 {[%emt 0:01:42] Droht Nf6 und aus.} Rxd1 37. Rxd1 Ne4 {[%emt 0:04:57] Pariert Nf6. Jetzt gehts bergab für Schwarz.} (37... Nh7 $11 {und Schwarz steht sicher.}) 38. Qf4 $18 {[%emt 0:00:59][%mdl 1024] Weiss hat starke Kompensation.} Nc5 39. Nf6 Rh8 40. Bc2 a5 41. Qg5 (41. g4 $142 Nh6 (41... Rh4 $2 42. Qg5 $18) 42. Rh1) 41... Kf8 $2 (41... Qc7 {ist wohl besser.}) 42. g4 Ng7 43. Rd4 Ne8 44. a3 a4 45. Bxa4 {[%emt 0:01:26] Aktives Gegenspiel!} Nc7 {[%emt 0:00:33] [#]} 46. b4 $1 {[%emt 0:00:50] Weiß steht klar auf Gewinn.} Nxa4 (46... Nd5 47. bxc5) 47. Rd7 {[%emt 0:00:05] Weiss droht Nh7+ und Matt.} Qxd7 48. Nxd7+ Ke8 49. Nf6+ Kf8 50. Qd2 {[%emt 0:00:38] Verhindert Nc3.} Nd5 51. Nxd5 exd5 52. Qc2 {[%emt 0:00:06] Gewichteter Fehlerwert: Weiß=0.16 (sehr präzise) /Schwarz=0.37.  Verlustzug:     	---       	Schwarz=1     Fehler:       	Weiß=2     	Schwarz=2     Ungenau:       	Weiß=2     	Schwarz=6     OK:         	Weiß=22    	Schwarz=18    Bester:       	Weiß=3     	Schwarz=3     Stark:        	Weiß=1     	---} 1-0

[Event "Romanian Championship 2024"]
[Site "Eforie Nord"]
[Date "2024.02.26"]
[Round "4.18"]
[White "Corbu, George-Alexandru"]
[Black "Ciorgovean, Iustin"]
[Result "1/2-1/2"]
[ECO "E93"]
[WhiteElo "1902"]
[BlackElo "2310"]
[Annotator "TA"]
[PlyCount "49"]
[EventDate "2024.02.24"]
[EventType "swiss"]
[EventCountry "ROU"]
[SourceTitle "playchess.com"]
[Source "ChessBase"]
[SourceQuality "1"]
[TimeControl "40/5400+30:900+30"]

1. d4 Nf6 2. c4 g6 3. Nc3 Bg7 4. e4 d6 5. h3 Nbd7 6. Nf3 e5 7. d5 Nc5 8. Qc2 a5 9. Be2 O-O 10. Be3 Ne8 11. g4 f5 12. exf5 gxf5 13. O-O-O b6 (13... a4 $14) 14. Nd2 {[%emt 0:13:27] White is more active.} Bd7 15. f3 ({White should play} 15. Rdg1 $1) 15... Qe7 16. Rdg1 a4 17. Ndb1 Kh8 {[%emt 0:02:06] [#]} 18. g5 $1 c6 19. h4 Nc7 {[%emt 0:10:12] [#]} 20. Qd2 ({White should try} 20. h5 $1 $16 {[%cal Rh5h6] And now h6 would win.} h6 21. Qd2 (21. gxh6 Bf6 $16)) 20... cxd5 $11 21. cxd5 f4 (21... a3 $11 22. Nxa3 Na4) 22. Bxc5 $14 bxc5 23. Ne4 $1 Nb5 (23... Rfb8 $14) 24. Bxb5 Bxb5 25. Nbc3 {[%emt 0:00:37] Weighted Error Value: White=0.15 (very precise) /Black=0.27 (precise) .  Mistake:       	White=2     	Black=3      Inaccurate:     	White=2     	Black=3      OK:         	White=3     	Black=2      Best:        	White=2     	---        Strong:       	White=2     	---} 1/2-1/2

[Event "Romanian Championship 2024"]
[Site "Eforie Nord"]
[Date "2024.02.26"]
[Round "4.19"]
[White "Daianu, Cristian-Clement"]
[Black "Melinte, Rares-Andrei"]
[Result "1/2-1/2"]
[ECO "C00"]
[WhiteElo "2201"]
[BlackElo "1989"]
[Annotator "RC"]
[PlyCount "96"]
[EventDate "2024.02.24"]
[EventType "swiss"]
[EventCountry "ROU"]
[SourceTitle "playchess.com"]
[Source "ChessBase"]
[SourceQuality "1"]
[TimeControl "40/5400+30:900+30"]

1. e4 e6 2. Qe2 b6 3. Nc3 Bb7 4. g3 Nf6 5. Bg2 Be7 6. f4 d5 7. e5 Nfd7 8. d3 c5 9. Nf3 Nc6 10. O-O O-O 11. f5 d4 12. fxe6 fxe6 13. Nb5 Qb8 14. Bf4 a6 15. Nd6 Bxd6 16. exd6 e5 17. Ng5 Qxd6 18. Qh5 h6 19. Ne4 Qe7 20. Bxh6 gxh6 21. Qg6+ Qg7 22. Qxg7+ Kxg7 23. Nd6 Rxf1+ 24. Rxf1 Rf8 25. Nxb7 Rxf1+ 26. Kxf1 Nb4 27. Nd6 Nxc2 28. Nf5+ Kf6 29. Be4 b5 30. Nxh6 Ne3+ 31. Ke2 c4 32. Ng8+ Kg5 33. Ne7 Nc5 34. Nc6 Kf6 35. h4 Nf5 36. Bxf5 Kxf5 37. dxc4 bxc4 38. h5 Nd3 39. b3 cxb3 40. axb3 Nc1+ 41. Kd1 Nxb3 42. g4+ Kg5 43. Nxe5 Nc5 44. Nf3+ Kh6 45. Nxd4 Ne4 46. Ke2 Ng3+ 47. Kf3 Nxh5 48. gxh5 Kxh5 1/2-1/2

[Event "Romanian Championship 2024"]
[Site "Eforie Nord"]
[Date "2024.02.26"]
[Round "4.20"]
[White "Craciun, Sasha-Matei"]
[Black "Antonica, Dragos-Andrei"]
[Result "1-0"]
[ECO "C18"]
[WhiteElo "2080"]
[BlackElo "2366"]
[Annotator "RC"]
[PlyCount "65"]
[EventDate "2024.02.24"]
[EventType "swiss"]
[EventCountry "ROU"]
[SourceTitle "playchess.com"]
[Source "ChessBase"]
[SourceQuality "1"]
[TimeControl "40/5400+30:900+30"]

1. e4 e6 2. d4 d5 3. Nc3 Bb4 4. e5 c5 5. a3 Bxc3+ 6. bxc3 Ne7 7. Qg4 cxd4 8. cxd4 Qc7 9. Bd2 Qxc2 10. Qxg7 Rg8 11. Qh6 Qb2 12. Rd1 Qxd4 13. Nf3 Qe4+ 14. Be3 Qg6 15. Qf4 Nbc6 16. Bd3 Qg7 17. h4 Ng6 18. Bxg6 fxg6 19. h5 Rf8 20. Qh6 Qxh6 21. Bxh6 Rf5 22. hxg6 hxg6 23. Bg7 Rh5 24. Ke2 Bd7 25. Bf6 Ne7 26. g4 Bb5+ 27. Kd2 Rxh1 28. Rxh1 Ng8 29. Rh7 Rc8 30. Ng5 Rc6 31. Rxb7 Rb6 32. Rxa7 Nh6 33. Re7+ 1-0

[Event "Romanian Championship 2024"]
[Site "Eforie Nord"]
[Date "2024.02.26"]
[Round "4.21"]
[White "Pisu, Robert-Daniel"]
[Black "Ghita, Vlad-Bogdan"]
[Result "1/2-1/2"]
[ECO "A20"]
[WhiteElo "2154"]
[BlackElo "1893"]
[Annotator "RC"]
[PlyCount "87"]
[EventDate "2024.02.24"]
[EventType "swiss"]
[EventCountry "ROU"]
[SourceTitle "playchess.com"]
[Source "ChessBase"]
[SourceQuality "1"]
[TimeControl "40/5400+30:900+30"]

1. Nf3 d5 2. g3 g6 3. c4 dxc4 4. Bg2 Bg7 5. Na3 Nc6 6. Nxc4 e5 7. d3 Nge7 8. O-O O-O 9. Rb1 a5 10. a3 a4 11. b4 axb3 12. Qxb3 Be6 13. Qc2 Qc8 14. e3 Rd8 15. Bb2 f6 16. Ncd2 Qd7 17. d4 exd4 18. Nxd4 Bd5 19. Nxc6 Qxc6 20. Qxc6 Bxc6 21. Ne4 Kf7 22. Rfc1 h6 23. h4 Bxe4 24. Bxe4 c6 25. Bd4 Rd7 26. Bc5 f5 27. Bc2 Nd5 28. h5 Nc3 29. Bb3+ Ke8 30. hxg6 Nxb1 31. Bf7+ Rxf7 32. gxf7+ Kxf7 33. Rxb1 b5 34. Bb4 Ke6 35. Rc1 Ra6 36. Rd1 Bb2 37. Rd6+ Ke5 38. Rxh6 Kd5 39. Rd6+ Kc4 40. Kg2 Kb3 41. Rd3+ Kc4 42. Rd6 Kb3 43. Rd3+ Kc4 44. Rd6 1/2-1/2

[Event "Romanian Championship 2024"]
[Site "Eforie Nord"]
[Date "2024.02.26"]
[Round "4.22"]
[White "Visanescu, Dragos-Nicholas"]
[Black "Sava, Robert-Gabriel"]
[Result "0-1"]
[ECO "C02"]
[WhiteElo "1759"]
[BlackElo "2053"]
[Annotator "RC"]
[PlyCount "92"]
[EventDate "2024.02.24"]
[EventType "swiss"]
[EventCountry "ROU"]
[SourceTitle "playchess.com"]
[Source "ChessBase"]
[SourceQuality "1"]
[TimeControl "40/5400+30:900+30"]

1. e4 e6 2. d4 d5 3. e5 c5 4. c3 Nc6 5. Nf3 Qb6 6. a3 c4 7. Nbd2 Na5 8. Rb1 Bd7 9. Be2 Ne7 10. Kf1 h6 11. h4 Qc7 12. h5 Nc8 13. Qe1 Nb6 14. Bd1 O-O-O 15. Nh4 Be7 16. g3 Ba4 17. Kg2 Rdg8 18. Bxa4 Nxa4 19. Qd1 Qd7 20. Qf3 Bd8 21. b4 cxb3 22. Nxb3 Nc4 23. Nd2 Nab6 24. Nb3 Na4 25. Nd2 Nxd2 26. Bxd2 g5 27. hxg6 fxg6 28. Qd3 g5 29. Nf3 h5 30. c4 Nb6 31. c5 Nc4 32. a4 h4 33. g4 Rg7 34. Rb5 Qc6 35. Rhb1 Rf8 36. Bxg5 a6 37. Bxd8 Rxd8 38. Rb6 Nxb6 39. Rxb6 Qc7 40. a5 Rxg4+ 41. Kh1 Rdg8 42. c6 Qg7 43. Qf1 Qf7 44. cxb7+ Kb8 45. Qd1 Rg1+ 46. Nxg1 Qxf2 0-1

[Event "Romanian Championship 2024"]
[Site "Eforie Nord"]
[Date "2024.02.26"]
[Round "4.23"]
[White "Gheorghe, Andrei-Constantin"]
[Black "Buzbuchi, Ionut"]
[Result "0-1"]
[ECO "B22"]
[WhiteElo "1523"]
[BlackElo "2039"]
[Annotator "NA RC"]
[PlyCount "56"]
[EventDate "2024.02.24"]
[EventType "swiss"]
[EventCountry "ROU"]
[SourceTitle "playchess.com"]
[Source "ChessBase"]
[SourceQuality "1"]
[TimeControl "40/5400+30:900+30"]

1. e4 c5 2. c3 Nf6 3. d3 Nc6 4. f4 d5 5. e5 Ng8 6. Be2 g6 7. Nf3 Bg4 8. O-O e6 9. Kh1 Nge7 10. d4 Nf5 11. Na3 Bxf3 12. Rxf3 cxd4 13. g4 Nh4 14. Rh3 dxc3 15. bxc3 Be7 16. Nb5 g5 17. Nd6+ Bxd6 18. exd6 Qxd6 19. a4 O-O-O 20. f5 h6 21. Rb1 exf5 22. gxf5 Rhe8 23. Qd3 d4 24. c4 Ne5 25. Qb3 Qc6+ 26. Kg1 d3 27. Bf1 Nef3+ 28. Kf2 Qc5+ 0-1

[Event "Romanian Championship 2024"]
[Site "Eforie Nord"]
[Date "2024.02.27"]
[Round "5.1"]
[White "Lupulescu, Constantin"]
[Black "Bulmaga, Irina"]
[Result "1-0"]
[ECO "D35"]
[WhiteElo "2589"]
[BlackElo "2439"]
[Annotator "RC"]
[PlyCount "209"]
[EventDate "2024.02.24"]
[EventType "swiss"]
[EventCountry "ROU"]
[SourceTitle "playchess.com"]
[Source "ChessBase"]
[SourceQuality "1"]
[TimeControl "40/5400+30:900+30"]

1. d4 Nf6 2. c4 e6 3. Nc3 d5 4. cxd5 exd5 5. Bg5 Be7 6. e3 h6 7. Bh4 O-O 8. Bd3 Re8 9. Nge2 c6 10. O-O a5 11. Qc2 Na6 12. a3 Bd7 13. Rac1 b5 14. h3 Nh5 15. Bxe7 Qxe7 16. Bh7+ Kh8 17. Bf5 Bxf5 18. Qxf5 g6 19. Qd3 a4 20. Rc2 Nf6 21. Rfc1 Qd7 22. Nb1 Nb8 23. Nd2 Qd6 24. Nc3 Kg7 25. Na2 Ra7 26. Nb4 Rc7 27. b3 axb3 28. Nxb3 Nfd7 29. Na5 Rec8 30. e4 dxe4 31. Qxe4 Nf6 32. Qe5 Qxe5 33. dxe5 Nfd7 34. Naxc6 Nxc6 35. Rxc6 Rxc6 36. Rxc6 Re8 37. e6 Ne5 38. exf7 Kxf7 39. Rc7+ Ke6 40. Ra7 Nc4 41. g3 Ke5 42. a4 bxa4 43. Rxa4 Nd6 44. Nd3+ Kf6 45. Ra6 Rd8 46. Nf4 Rd7 47. Nd5+ Kf7 48. h4 Ne4 49. Ne3 Nf6 50. Kg2 Kg7 51. Ra5 Rd2 52. Kf3 Rd7 53. Rb5 Rf7 54. Kg2 Ra7 55. Nc4 Nh5 56. Ne5 Re7 57. Kh3 Rc7 58. Rb6 Nf6 59. g4 g5 60. h5 Nd5 61. Rb3 Nf4+ 62. Kg3 Re7 63. Nf3 Ne2+ 64. Kh3 Nf4+ 65. Kh2 Rd7 66. Rb2 Rd3 67. Rb7+ Kg8 68. Rb8+ Kg7 69. Rb7+ Kg8 70. Ne5 Rh3+ 71. Kg1 Rc3 72. f3 Rc2 73. Kf1 Rc5 74. Nd7 Rc6 75. Ra7 Re6 76. Ra3 Rd6 77. Nc5 Rc6 78. Ne4 Rc7 79. Ng3 Rc6 80. Nf5 Re6 81. Ra7 Kh8 82. Ne7 Nd3 83. Ng6+ Kg8 84. Ra3 Re3 85. Ra8+ Kg7 86. Kg2 Re2+ 87. Kg3 Re6 88. Ra7+ Kg8 89. Ra3 Nc1 90. Kf2 Re2+ 91. Kf1 Re6 92. Rc3 Na2 93. Rc4 Kg7 94. Kf2 Kg8 95. Kg2 Kg7 96. Kg3 Kg8 97. f4 gxf4+ 98. Kxf4 Rb6 99. Kf5 Rb4 100. Rc8+ Kg7 101. Rc7+ Kg8 102. Ne5 Rb6 103. Nd7 Ra6 104. Nf6+ Kf8 105. Kg6 1-0